[ AOE2 MATCH · #506437410 ]
UnrankedBerbers vs Hindustanis
Player's team · WIN
[ REPLAY ANALYSIS · EXTRACTED FROM THE RECORDED GAME ]
Feudal
—
Castle
—
Imperial
—
| APM avg | 70.6 |
| APM peak | 96 |
| eAPM avg | 17.6 |
| Villagers / military | 18 / 0 |
Focus
⚔️ 15.8% · 🌾 84.2%
Feudal
—
Castle
—
Imperial
—
| APM avg | 46.3 |
| APM peak | 64 |
| eAPM avg | 8.9 |
| Villagers / military | 14 / 0 |
Focus
⚔️ 5.4% · 🌾 94.6%
Match map
Initial resources + every placement click. Lines = walls · curves = elevation contours. ◆ gold · ⬟ stone · ● berries · ✦ relic · ◌ wall gap
Your base
[GRR] Lemmit's base
Smoothed initial terrain · ◌ = detected wall gap · hover for details
Inputs per minute
— BarddoK - - [GRR] Lemmit
Build order — BarddoK
23 actions detected in the replay
| 0:01 | Build | House |
| 0:03 | Build | House |
| 0:04 | Create | Villager (Male) |
| 0:04 | Create | Villager (Male) |
| 0:07 | Create | Villager (Male) |
| 0:07 | Create | Villager (Male) |
| 0:08 | Create | Villager (Male) |
| 1:14 | Research | Loom |
| 1:32 | Create | Villager (Male) |
| 2:09 | Create | Villager (Male) |
| 2:09 | Create | Villager (Male) |
| 2:25 | Create | Villager (Male) |
| 2:26 | Create | Villager (Male) |
| 2:38 | Build | Lumber Camp |
| 3:21 | Create | Villager (Male) |
| 3:22 | Create | Villager (Male) |
| 3:24 | Create | Villager (Male) |
| 3:24 | Create | Villager (Male) |
| 3:28 | Build | House |
| 3:44 | Create | Villager (Male) |
| 3:44 | Create | Villager (Male) |
| 4:03 | Create | Villager (Male) |
| 4:03 | Create | Villager (Male) |
Build order — [GRR] Lemmit
19 actions detected in the replay
| 0:01 | Create | Villager (Male) |
| 0:03 | Build | House |
| 0:04 | Build | House |
| 0:13 | Create | Villager (Male) |
| 0:14 | Create | Villager (Male) |
| 0:14 | Create | Villager (Male) |
| 0:14 | Create | Villager (Male) |
| 1:21 | Create | Villager (Male) |
| 1:39 | Create | Villager (Male) |
| 2:03 | Create | Villager (Male) |
| 2:16 | Build | Lumber Camp |
| 2:35 | Create | Villager (Male) |
| 3:02 | Create | Villager (Male) |
| 3:02 | Create | Villager (Male) |
| 3:26 | Create | Villager (Male) |
| 3:29 | Build | House |
| 3:52 | Create | Villager (Male) |
| 3:53 | Create | Villager (Male) |
| 4:44 | Research | Loom |
Match timeline
| 4:56 | [GRR] Lemmit · resign |
[ AI ANALYSIS · 1 CREDIT ]
What really happened in this match?
Wolo.gg analyzes every decision: build order, eco, micro, common mistakes by bracket. Personalized analysis on WhatsApp or Discord in 30 seconds.
Civ guide
Berbers
Perfil
Jugador #9769680